 Dungeon Crawl Stone Soup version 0.28.0 (webtiles) character file.

Game seed: 15218865316290915630

133 crazypyro the Shield-Bearer (level 4, 0/41 HPs)
             Began as a Minotaur Fighter on Feb 8, 2022.
             Slain by an iron imp (9 damage)
             ... summoned by Natasha
             ... on level 2 of the Dungeon.
             The game lasted 00:02:01 (2086 turns).

crazypyro the Shield-Bearer (Minotaur Fighter)      Turns: 2086, Time: 00:02:02

Health: 0/41       AC:  7    Str: 23    XL:     4   Next: 94%
Magic:  3/3        EV:  9    Int:  5    God:
Gold:   60         SH:  4    Dex:  9    Spells: 3/3 levels left

rFire   . . .      SeeInvis .   a - +0 war axe
rCold   . . .      Faith    .   c - +0 buckler
rNeg    . . .      Spirit   .   b - +0 scale mail
rPois   .          Reflect  .   (helmet restricted)
rElec   .          Harm     .   (no cloak)
rCorr   .          Rampage  .   (no gloves)
Will    .....                   (no boots)
Stlth   ..........              (no amulet)
HPRegen 0.13/turn               (no ring)
MPRegen 0.08/turn               (no ring)

@: slowed, very slow
A: horns 2, retaliatory headbutt
a: no special abilities


You were on level 2 of the Dungeon.
You visited 1 branch of the dungeon, and saw 2 of its levels.

You collected 60 gold pieces.

Inventory:

Hand Weapons
 a - a +0 war axe (weapon)
Armour
 b - a +0 scale mail (worn)
 c - a +0 buckler (worn)
Jewellery
 j - a ring of magical power
 m - a ring of see invisible
Scrolls
 i - a scroll of holy word
 k - a scroll of blinking {unknown}
 n - a scroll of identify {unknown}
 o - a scroll of enchant armour {unknown}
Potions
 d - a potion of haste {unknown}
 e - a potion of lignification {unknown}
 f - a potion of attraction {unknown}
 g - a potion of flight {unknown}
 h - a potion of curing {unknown}
 l - a potion of invisibility {unknown}


   Skills:
 + Level 4.6 Fighting
 + Level 3.7 Axes
 + Level 4.6 Armour
 + Level 4.6 Shields


You had 3 spell levels left.
You didn't know any spells.
Your spell library contained the following spells:

 Spells                   Type           Power      Damage    Failure   Level
 Ensorcelled Hibernation  Hex/Ice        0%         N/A       95%         2
 Static Discharge         Conj/Air       0%         N/A       95%         2
 Spider Form              Tmut/Pois      0%         N/A       99%         3
 Anguish                  Hex/Necr       0%         N/A       100%        4
 Lightning Bolt           Conj/Air       0%         1d11      100%        5
 Maxwell's Capacitive Co  Air            0%         ∞         100%        8


Dungeon Overview and Level Annotations

Branches:
Dungeon (2/15)

Altars:

Shops:
D:2 *

Annotations:
D:2 Natasha


Innate Abilities, Weirdness & Mutations

You have a pair of horns on your head.
You reflexively headbutt those who attack you in melee.


Message History

The magic dart hits you!
You closely miss Natasha. You headbutt Natasha.
Natasha is almost dead.
Natasha casts a spell at you.
You feel yourself slow down. Natasha claws you!
You are too injured to fight recklessly!
You are too injured to fight recklessly!
You are too injured to fight recklessly!
You are too injured to fight recklessly!
You closely miss Natasha. Your headbutt misses Natasha.
Natasha is almost dead.
Natasha claws you but does no damage.
Natasha mumbles some strange words.
You hit Natasha but do no damage.
Natasha is almost dead.
You barely miss the crimson imp. Natasha claws you.
The crimson imp closely misses you. You furiously retaliate!
You headbutt the crimson imp. Natasha misses you.
The crimson imp picks up a beetle and eats it.
You block the crimson imp's attack.
You barely miss Natasha.
Natasha is almost dead.
You barely miss the crimson imp.
Natasha mumbles some strange words.
The crimson imp blinks!
Natasha claws you but does no damage.
The crimson imp blinks!
You closely miss Natasha.
Natasha is almost dead.
Natasha mumbles some strange words.
Natasha claws you but does no damage.
You closely miss Natasha.
Natasha is almost dead.
You hit the iron imp. You hit the white imp. Natasha claws you.
The iron imp hits you.
* * * LOW HITPOINT WARNING * * *
The white imp closely misses you.
Natasha mumbles some strange words.
Natasha glows brightly for a moment.
Natasha claws you but does no damage. The iron imp hits you!
You die...

##..##.########..#.†...#
#..##.# #.....####
#..##.# ##.##### ##.##.#
#..# #..#)#######.##
#...†........#
#.........####
#......5..#####
#[...55@h.....#
##...########.# ##..#
#..# ##># #.# #.# #.#
#.#


You could see an iron imp (summoned), Natasha, a crimson imp (summoned) and a
white imp (summoned).

Vanquished Creatures
  Natasha (D:2)
  Robin (D:2)
  3 gnolls
  2 dart slugs (D:1)
  An orc (D:2)
  4 endoplasms
  3 giant cockroaches
  14 goblins
  7 hobgoblins
  2 jackals (D:1)
  A quokka (D:1)
  7 ball pythons
  A bat (D:1)
  3 frilled lizards (D:1)
  6 kobolds
  4 rats (D:1)
60 creatures vanquished.

Vanquished Creatures (others)
  A fungus (D:2)
  A plant (D:2)
2 creatures vanquished.

Grand Total: 62 creatures vanquished

Notes
Turn   | Place    | Note
-------+----------+-------------------------------------------
     0 | D:1      | crazypyro the Minotaur Fighter began the quest for the Orb.
     0 | D:1      | Reached XP level 1. HP: 19/19 MP: 0/0
    72 | D:1      | Reached XP level 2. HP: 27/27 MP: 1/1
   600 | D:1      | Reached XP level 3. HP: 33/33 MP: 2/2
   895 | D:2      | Found Uriogiqu's Assorted Antiques.
  1332 | D:2      | Reached XP level 4. HP: 32/40 MP: 3/3
  1412 | D:2      | Noticed Robin
  1436 | D:2      | Killed Robin
  1448 | D:2      | Noticed Natasha
  1458 | D:2      | HP: 2/41 [Natasha/magic dart (6)]
  1754 | D:2      | Killed Natasha
  2074 | D:2      | Noticed Natasha
  2086 | D:2      | Slain by an iron imp

Illustrated notes

Levels and vault maps discovered:
D:1:      lordsloth_arrival_two_stooges, layout_loops_ring,
          supply_closet_lemuel, roderic_lattice_a
D:2:      minmay_evil_eye, layout_basic, serial_shops, nicolae_shop_statue_plus,
          shapermc_ecumenical_altar_acropolis, uniq_natasha, uniq_robin

Skill      XL: |  1  2 |
---------------+-------+-----
Fighting       | 4 |  4.6
Armour         | 4 |  4.6
Shields        | 4 |  4.6
Axes           | 3 |  3.7

Action                   |  1- 3 |  4- 6 || total
-------------------------+-------+-------++-------
Melee: War axe           |    58 |    51 ||   109
       Headbutt          |    10 |     5 ||    15
  Use: Scroll            |     4 |       ||     4
       Potion            |       |     1 ||     1
Armor: Scale mail        |    27 |    36 ||    63
Dodge: Dodged            |    33 |    33 ||    66
Block: Buckler           |    15 |    13 ||    28
